 Dungeon Crawl Stone Soup version 0.28-a0-1404-g4df0f3684d (webtiles) character file.

Game seed: 11369283642940756023

257 lenool the Shield-Bearer (level 5, -8/53 HPs)
             Began as a Troll Fighter on Jan 5, 2022.
             Mangled by an ogre (23 damage)
             ... on level 3 of the Dungeon.
             The game lasted 00:27:03 (2329 turns).

lenool the Shield-Bearer (Troll Fighter)            Turns: 2329, Time: 00:27:05

Health: -8/53      AC:  4    Str: 26    XL:     5   Next: 93%
Magic:  4/4        EV:  9    Int:  4    God:
Gold:   97         SH:  7    Dex:  9    Spells: 4/4 levels left

rFire   . . .      SeeInvis .   f - +2 dagger (freeze)
rCold   . . .      Faith    .   b - +0 kite shield
rNeg    . . .      Spirit   .   a - +0 robe
rPois   .          Reflect  .   (helmet restricted)
rElec   .          Harm     .   (no cloak)
rCorr   .          Rampage  .   (gloves unavailable)
Will    .....                   (boots unavailable)
Stlth   +.........              (no amulet)
HPRegen 0.97/turn               (no ring)
MPRegen 0.09/turn               (no ring)

@: no status effects
A: large, unfitting armour, claws 3, regeneration 1, shaggy fur 1, tough skin 1
a: no special abilities


You were on level 3 of the Dungeon.
You visited 1 branch of the dungeon, and saw 4 of its levels.

You collected 97 gold pieces.

Inventory:

Hand Weapons
 d - a +0 whip
 f - a +2 dagger of freezing (weapon)
 g - a +0 dagger
 h - a +0 dagger
 k - a +0 short sword
 o - a +0 dagger
 p - a +0 short sword
 r - a +0 dagger
 s - a +0 whip
 w - a +0 dagger
 y - a +0 dagger
 D - a +0 short sword
 E - a +0 lajatang
Missiles
 e - 35 stones
 x - 14 poisoned darts (quivered)
Armour
 a - a +0 robe (worn)
 b - a +0 kite shield (worn)
 m - a +2 buckler
 n - an orb of light
 q - a +0 leather armour
 u - a +0 scale mail
 z - a +0 leather armour
 A - a +0 robe
 B - a +0 robe
Wands
 C - a wand of digging (3)
Scrolls
 i - a scroll of identify
 t - a scroll of amnesia
Potions
 c - 2 potions of might
 j - a potion of brilliance {unknown}
 l - 2 potions of ambrosia {unknown}
 v - 2 potions of lignification {unknown}


   Skills:
 + Level 3.2 Fighting
 + Level 2.1 Short Blades
 + Level 3.2 Dodging
 + Level 0.4 Stealth
 + Level 3.3 Shields
 + Level 2.5 Unarmed Combat


You had 4 spell levels left.
You didn't know any spells.
Your spell library contained the following spells:

 Spells                   Type           Power      Damage    Failure   Level
 Ensorcelled Hibernation  Hex/Ice        0%         N/A       90%         2
 Call Canine Familiar     Summ           0%         N/A       99%         3
 Portal Projectile        Hex/Tloc       0%         N/A       99%         3
 Spider Form              Tmut/Pois      0%         N/A       99%         3
 Leda's Liquefaction      Hex/Erth       0%         N/A       100%        4
 Fireball                 Conj/Fire      0%         3d3       100%        5
 Starburst                Conj/Fire      0%         6d3       100%        6
 Ignition                 Fire           0%         3d3       100%        8


Dungeon Overview and Level Annotations

Branches:
Dungeon (4/15)
 Temple: D:4-7

Altars:
Sif Muna

Shops:
D:1 :


Innate Abilities, Weirdness & Mutations

You are too large for most types of armour.
You have claws for hands.
Your natural rate of healing is unusually fast.
You are covered in fur. (AC +1)
You have tough skin. (AC +1)


Message History

The centaur skeleton kicks you but does no damage.
An orc comes into view. It is wielding a +0 trident.
The orc shouts!
You hit the ogre but do no damage.
The ogre is lightly wounded.
You hear an angry hiss.
You block the ogre's attack. The centaur skeleton hits you.
The centaur skeleton kicks you.
A worm comes into view.
An endoplasm comes into view.
You hit the ogre. You freeze the ogre.
The ogre is moderately wounded.
The centaur skeleton closely misses you.
The centaur skeleton kicks you but does no damage.
The ogre hits you with a +0 giant spiked club!!
There is a stone staircase leading up here.
You block the adder's attack.
You climb upwards.
There is a stone staircase leading down here.
You hit the adder. You freeze the adder.
The adder is severely wounded.
The adder bites you.
You hit the adder.
The adder seems to slow down.
You freeze the adder.
You kill the adder!
HP restored.
There is a stone staircase leading down here.
You climb downwards.
The ogre hits you with a +0 giant spiked club!!
The worm bites you.
The endoplasm hits you but does no damage.
There is a stone staircase leading up, spattered with blood here.
You block the endoplasm's attack.
The ogre hits you with a +0 giant spiked club!
The worm bites you.
You climb upwards.
There is a stone staircase leading down here.
The endoplasm freezes you.
You are frozen.
* * * LOW HITPOINT WARNING * * *
The ogre hits you with a +0 giant spiked club!!
You die...

..........'_#........#.### #>..#
..........###............####.###
#############..........#......###
#............###...##.....#
##..........#.#####....###..
###..............#####.#######
#...#.........##....##........
##.####......#J###..[....######
#..# #######O@# #.........###.
#.## ###w####....####..... ###.#
#.........#....#####. #...#
#..#####..####.## ##) ..### #..#
#..## #..# #.. ..# #.## #.##
######### #.# ###.# ###.#
##........ #.# ##...# #...#
##......... #.# #...##
#.#####..........


You could see an ogre, a worm and an endoplasm.

Vanquished Creatures
  A scorpion (D:3)
  An orc priest (D:2)
  Ijyb (D:3)
  Natasha (twice) (D:2)
  3 adders
  A shadow imp (D:3)
  A dart slug (D:1)
  7 orcs
  An endoplasm (D:2)
  3 giant cockroaches
  4 hobgoblins
  4 jackals (D:1)
  4 quokkas
  2 ball pythons
  3 bats (D:1)
  4 frilled lizards
  5 goblins
  3 kobolds
  6 rats
56 creatures vanquished.

Notes
Turn   | Place    | Note
-------+----------+-------------------------------------------
     0 | D:1      | lenool the Troll Fighter began the quest for the Orb.
     0 | D:1      | Reached XP level 1. HP: 22/22 MP: 0/0
    56 | D:1      | Found Sipruenyse's Book Shop.
   263 | D:1      | Reached XP level 2. HP: 24/29 MP: 1/1
   450 | D:1      | Found a faded altar of an unknown god.
   885 | D:2      | Reached XP level 3. HP: 36/36 MP: 2/2
   969 | D:2      | Noticed Natasha
   978 | D:2      | Killed Natasha
  1136 | D:2      | Reached XP level 4. HP: 42/44 MP: 3/3
  1150 | D:2      | Reached skill level 1 in Short Blades
  1383 | D:2      | Noticed Natasha
  1390 | D:2      | Killed Natasha
  1507 | D:3      | Reached XP level 5. HP: 53/53 MP: 4/4
  1633 | D:3      | Noticed Ijyb
  1652 | D:3      | Killed Ijyb
  2062 | D:3      | Found a shimmering blue altar of Sif Muna.
  2285 | D:4      | Noticed an ogre
  2329 | D:3      | Mangled by an ogre

Illustrated notes

Levels and vault maps discovered:
D:1:      lemuel_arrival_cross, layout_loops_ring, basic_ecumenical_altar,
          serial_shops, nicolae_shop_statue_plus, minmay_misc_feat_five
D:2:      cheibrodos_pilgrimage, layout_rooms, uniq_natasha
D:3:      layout_rooms, lemuel_blue_sif_altar, nrook_uturn, item_on_display_a,
          uniq_ijyb
D:4:      layout_rooms, lemuel_coloured_pillars_altar

Skill      XL: |  1  2  3  4  5 |
---------------+----------------+-----
Shields        | 3 |  3.3
Short Blades   | 1 2 |  2.1
Fighting       | 3 |  3.2
Dodging        | 3 |  3.2
Stealth        | |  0.4
Unarmed Combat | |  2.5

Action                   |  1- 3 |  4- 6 || total
-------------------------+-------+-------++-------
Melee: Unarmed           |    24 |       ||    24
       Dagger            |    80 |   101 ||   181
Throw: Stone             |     2 |       ||     2
  Use: Scroll            |       |     2 ||     2
Armor: Robe              |    34 |    24 ||    58
Dodge: Dodged            |    38 |    25 ||    63
Block: Kite shield       |    32 |    26 ||    58

Table legend: (Time is in decaauts)
 A = Elapsed time spent in this place.
 B = Non-inter-level travel time spent in this place.
 C = Inter-level travel time spent in this place.
 D = Time resting spent in this place.
 E = Time spent auto-exploring this place.
 F = Levels seen in this place.
 G = Mean time per level.
                   A        B        C        D        E       F      G
               +--------+--------+--------+--------+--------+-----+--------+
         Total |   2364 |    536 |   1828 |      0 |     17 |   4 |  591.0 |
       Dungeon |   2364 |    536 |   1828 |      0 |     17 |   4 |  591.0 |
               +--------+--------+--------+--------+--------+-----+--------+

Top non-repeatable levels by time:
     D:1: 820 daAuts
     D:3: 818 daAuts
     D:2: 713 daAuts
     D:4: 11 daAuts
